 Dungeon Crawl Stone Soup version 0.19.0-19-g8c6edcc (webtiles) character file.

832 Gargoyl the Chopper (level 7, 0/55 HPs)
             Began as a Demonspawn Abyssal Knight on Nov 12, 2016.
             Was a Priest of Lugonu.
             Slain by an ice beast (12 damage)
             ... on level 5 of the Dungeon.
             The game lasted 00:07:48 (4702 turns).

Gargoyl the Chopper (Demonspawn Abyssal Knight)     Turns: 4702, Time: 00:07:48

Health: 0/55       AC: 17    Str: 14    XL:     7   Next: 65%
Magic:  10/10      EV:  6    Int: 14    God:    Lugonu [***...]
Gold:   277        SH:  0    Dex: 12    Spells: 0 memorised, 6 levels left

rFire  . . .     SeeInvis .     a - +1 hand axe
rCold  . . .     Gourm    .     f - +0 chain mail
rNeg   . . .     Faith    .     (no shield)
rPois  .         Spirit   .     (no helmet)
rElec  .         Reflect  .     m - +2 cloak
rCorr  .         Harm     .     (no gloves)
MR     .....                    (no boots)
Stlth  ..........               (no amulet)
                                (no ring)
                                (no ring)

@: sanguine armour, very heavily drained
A: hooves 2, sanguine armour 1
a: Depart the Abyss, Bend Space, Banish, Renounce Religion


You were on level 5 of the Dungeon.
You worshipped Lugonu.
Lugonu was most pleased with you.
You were hungry.

You visited 1 branch of the dungeon, and saw 5 of its levels.
You visited the Abyss 1 time.

You collected 277 gold pieces.

Inventory:

Hand Weapons
 a - a +1 hand axe (weapon)
Missiles
 v - 7 tomahawks (quivered)
Armour
 f - a +0 chain mail (worn)
 m - a +2 cloak (worn)
Jewellery
 r - an uncursed ring of protection from magic {unknown}
 A - an uncursed ring of wizardry {unknown}
Scrolls
 b - a scroll of enchant armour
 g - 5 scrolls of identify
 i - a scroll of magic mapping
 q - 2 scrolls of fog
 s - 2 scrolls of amnesia
 u - 2 scrolls of remove curse
 C - a scroll of blinking {unknown}
Potions
 e - a potion of might {unknown}
 j - a potion of lignification {unknown}
 k - a potion of flight {unknown}
 l - 2 potions of degeneration {unknown}
 o - a potion of magic {unknown}
 p - a potion of resistance {unknown}
 x - 2 potions of curing {unknown}
 z - 2 potions of haste
 B - a potion of brilliance {unknown}
Books
 y - a book of Maledictions

   Spells                             Type                      Level
   a - Corona                         Hexes                        1
   b - Ensorcelled Hibernation        Hexes/Ice                    2
   c - Confuse                        Hexes                        3
   d - Tukima's Dance                 Hexes                        3
   e - Dazzling Spray                 Conjuration/Hexes            3
Comestibles
 c - 6 bread rations
 d - 3 meat rations
 h - a royal jelly
 n - 3 slices of pizza
 t - 4 fruits
 w - a beef jerky


   Skills:
 + Level 4.6(1.3) Fighting
 + Level 5.1(1.8) Axes
 * Level 4.2(0.9) Armour
 + Level 1.4(0.0) Dodging
 * Level 5.1(1.7) Invocations


You had 6 spell levels left.
You didn't know any spells.

Dungeon Overview and Level Annotations

Branches:
Dungeon (5/15)
 Temple: D:4-7

Altars:
Elyvilon
Okawaru

Shops:
D:4 [


Innate Abilities, Weirdness & Mutations

You have hoof-like feet.
When seriously injured, your bleeding wounds create armour. (AC +6)


Message History

The ice beast hits you but does no damage.
Your chain mail prevents you from hitting the ice beast.
The ice beast is severely wounded.
The ice beast hits you but does no damage.
The ice beast barely misses you.
You hit the ice beast.
The ice beast is severely wounded.
The ice beast hits you but does no damage.
You closely miss the ice beast.
The ice beast is severely wounded.
The ice beast hits you but does no damage.
You hit the ice beast.
The ice beast is severely wounded.
The ice beast hits you but does no damage.
You closely miss the ice beast.
The ice beast is severely wounded.
The ice beast hits you.
* * * LOW HITPOINT WARNING * * *
The ice beast freezes you!
You die...

#.............######
#.............#
#....#....#####
###.##.##.#
#.##<##..#
#.##.###... #.##.#
##.# #.##.# ...
#@##.# #.#
###Y##.#### ..
#..........
#..........
#..........
#..>.......
#.....$....
#...>......
#..........


You could see an ice beast.

Vanquished Creatures
  Sigmund (D:2)
  Eustachio (D:4)
  Edmund (D:4)
  An ogre (D:4)
  A howler monkey (D:4)
  2 iguanas
  2 worker ants (D:4)
  3 gnolls (D:4)
  5 adders
  2 worms
  15 dart slugs
  3 leopard geckos
  An orc (D:3)
  2 ball pythons (D:2)
  9 bats
  9 giant cockroaches
  8 goblins
  10 hobgoblins
  5 jackals
  7 kobolds
  A quokka (D:2)
  4 frilled lizards
  A giant cockroach zombie (D:5)
  A quokka skeleton (D:5)
  5 rats
100 creatures vanquished.

Notes
Turn   | Place    | Note
-------+----------+-------------------------------------------
     0 | Abyss:1  | Gargoyl the Demonspawn Abyssal Knight began the quest for the Orb.
     0 | Abyss:1  | Reached XP level 1. HP: 18/18 MP: 2/2
     6 | Abyss:1  | Found a corrupted altar of Lugonu.
    59 | Abyss:1  | Noticed a large abomination
    64 | D:1      | Escaped the Abyss
   364 | D:1      | Reached skill level 1 in Dodging
   395 | D:1      | Reached * piety under Lugonu
   587 | D:1      | Gained mutation: You have large cloven feet. [demonic ancestry]
   587 | D:1      | Reached XP level 2. HP: 22/24 MP: 3/3
   906 | D:1      | Gained mutation: When seriously injured, your bleeding wounds create armour. (AC +6) [demonic ancestry]
   906 | D:1      | Reached XP level 3. HP: 29/29 MP: 5/5
  1111 | D:2      | Noticed Sigmund
  1133 | D:2      | Killed Sigmund
  1133 | D:2      | Gained mutation: You have hoof-like feet. [demonic ancestry]
  1133 | D:2      | Reached XP level 4. HP: 17/37 MP: 6/6
  1133 | D:2      | Reached XP level 5. HP: 19/42 MP: 7/7
  1580 | D:2      | Reached ** piety under Lugonu
  2125 | D:3      | Reached XP level 6. HP: 42/48 MP: 8/8
  2498 | D:4      | Noticed Eustachio
  2564 | D:4      | Killed Eustachio
  2743 | D:4      | Found Ofituif's Antique Armour Shoppe.
  2918 | D:4      | Reached XP level 7. HP: 48/54 MP: 10/10
  3171 | D:4      | Reached skill level 5 in Axes
  3459 | D:3      | Reached *** piety under Lugonu
  3954 | D:4      | Noticed Edmund
  3981 | D:4      | Killed Edmund
  3981 | D:4      | Reached skill level 5 in Invocations
  4313 | D:5      | Entered Level 5 of the Dungeon
  4473 | D:5      | Found a white marble altar of Elyvilon.
  4475 | D:5      | Found an iron altar of Okawaru.
  4702 | D:5      | Slain by an ice beast

Skill      XL: |  1  2  3  4  5  6  7 |
---------------+----------------------+-----
Armour         | 2 3 4 |  4.2
Dodging        | 1 |  1.4
Axes           | 2 3 4 5 |  5.1
Invocations    | 3 4 5 |  5.1
Fighting       | 4 |  4.6

Action                   |  1- 3 |  4- 6 |  7- 9 || total
-------------------------+-------+-------+-------++-------
Melee: Hand axe          |   112 |   228 |   127 ||   467
       Kick              |    22 |    52 |    34 ||   108
Invok: Depart the Abyss  |     1 |       |       ||     1
  Use: Potion            |     1 |       |     1 ||     2
       Scroll            |       |    12 |       ||    12
 Stab: Invisible         |       |     1 |       ||     1
  Eat: Chunk             |       |     7 |     1 ||     8
       Bread ration      |       |       |     1 ||     1
Armor: Chain mail        |   116 |   209 |   120 ||   445
Dodge: Dodged            |    41 |   103 |    50 ||   194
